 Dungeon Crawl Stone Soup version 0.27-a0-1384-g1422d76b99 (webtiles) character file.

Game seed: 7860944560311815115

16 Sobieck the Stinger (level 2, -1/20 HPs)
             Began as a Gnoll Venom Mage on June 30, 2021.
             Succumbed to an adder's poison
             ... on level 1 of the Dungeon.
             The game lasted 00:01:16 (365 turns).

Sobieck the Stinger (Gnoll Venom Mage)               Turns: 365, Time: 00:01:17

Health: -1/20      AC:  2    Str:  7    XL:     2   Next: 58%
Magic:  4/7        EV: 13    Int: 14    God:
Gold:   10         SH:  0    Dex: 12    Spells: 9/10 levels left

rFire    . . .     SeeInvis .   b - +0 club {mace}
rCold    . . .     Faith    .   (no shield)
rNeg     . . .     Spirit   .   a - +0 robe
rPois    .         Reflect  .   (no helmet)
rElec    .         Harm     .   (no cloak)
rCorr    .         Rampage  .   (no gloves)
Will     .....                  (no boots)
Stlth    ++........             (no amulet)
HPRegen  0.06/turn              (no ring)
MPRegen  0.10/turn              (no ring)

@: lethally poisoned (-1 -> -13)
A: fangs 1, strong nose, distributed training
a: no special abilities


You were on level 1 of the Dungeon.
You visited 1 branch of the dungeon, and saw 3 of its levels.

You collected 10 gold pieces.


Innate Abilities, Weirdness & Mutations

You have very sharp teeth.
Your uncanny sense of smell can sniff out nearby items.
Your experience applies equally to all skills.


   Skills:
 + Level 0.4 Fighting
 + Level 0.4 Short Blades
 + Level 0.4 Long Blades
 + Level 0.4 Axes
 + Level 0.4 Maces & Flails
 + Level 0.4 Polearms
 + Level 0.4 Staves
 + Level 0.4 Slings
 + Level 0.4 Bows
 + Level 0.4 Crossbows
 + Level 0.4 Throwing
 + Level 0.4 Armour
 + Level 4.5 Dodging
 + Level 4.1 Stealth
 + Level 0.4 Shields
 + Level 0.4 Unarmed Combat
 + Level 4.9 Spellcasting
 + Level 0.2 Conjurations
 + Level 0.2 Hexes
 + Level 0.2 Summonings
 + Level 0.2 Necromancy
 + Level 0.2 Translocations
 + Level 2.0 Transmutations
 + Level 0.2 Fire Magic
 + Level 0.2 Ice Magic
 + Level 0.2 Air Magic
 + Level 0.2 Earth Magic
 + Level 5.3 Poison Magic
 + Level 0.5 Invocations
 + Level 0.4 Evocations


You had 9 spell levels left.
You knew the following spells:

 Your Spells              Type           Power      Damage    Failure   Level
a - Sting                 Tmut/Pois      52%        1d5       3%          1

Your spell library contained the following spells:

 Spells                   Type           Power      Damage    Failure   Level
 Poisonous Vapours        Pois/Air       22%        N/A       9%          2
 Ignite Poison            Fire/Tmut/Pois 10%        N/A       19%         3
 Olgreb's Toxic Radiance  Pois           18%        N/A       19%         4
 Mephitic Cloud           Conj/Pois/Air  9%         N/A       24%         3

Inventory:

Hand Weapons
 b - a +0 club (weapon) {mace}
   (You took it off a goblin on level 1 of the Dungeon)
Missiles
 d - 4 stones {throwing}
Armour
 a - a +0 robe (worn)
Scrolls
 c - a scroll of magic mapping {unknown}

Dungeon Overview and Level Annotations

Branches:
Dungeon (3/15)

Altars:

####..##
#.....#
#..###.#
... #.# .#
#.#
##.#####
#>..wS.#
#.####.##
#.# #@.#
.[........#
.###..###.#
.. .... .#
....... .#
........ .
.... . ....


You could see an adder (poisoned).


Message History

You kill the kobold!
No target in view!
No target in view!
d - 4 stones {throwing}
Things that are here:
a +0 whip {mace}; a kobold corpse 😎 MP[+1]
Your mp is fully restored (7).
A bat comes into view.
Found a stone staircase leading down.
The sting hits the bat.
The bat is poisoned.
You kill the bat! 😎 MP[-1]
You lost 1 mp, and now have 6/7 mp.
(D) Dungeon
Where to? (Enter - D:1, ? - help)
There is a stone staircase leading down here.
You climb downwards.
A bat comes into view.
There is a stone staircase leading up here. 😎 MP[+1]
Your mp is fully restored (7).
You can't see any susceptible monsters within range! (Use Z to cast anyway.)
The sting hits the bat.
The bat is poisoned.
You kill the bat! 😎 MP[-1]
You lost 1 mp, and now have 6/7 mp.
(D) Dungeon
Where to? (Enter - D:2, ? - help)
There is a stone staircase leading up here.
You climb upwards.
There is a stone staircase leading down here.
You see here a bat corpse.
Found a stone staircase leading down. 😎 MP[+1]
Your mp is fully restored (7).
No target in view!
There is a stone staircase leading down here.
You climb downwards.
A ball python and an adder come into view.
The ball python moves out of view.
There is a stone staircase leading up here.
You can't see any susceptible monsters within range! (Use Z to cast anyway.)
A bat and a worm come into view.
The sting hits the worm.
The worm is poisoned. 😎 MP[-1]
You lost 1 mp, and now have 6/7 mp.
The sting hits the worm but does no damage.
The worm looks even sicker. 😎 MP[-1]
You lost 1 mp, and now have 5/7 mp.
The adder hisses angrily.
The ball python loses its grip on something.
There is a stone staircase leading up here.
The bat barely misses you.
There is a stone staircase leading up here.
The bat closely misses you. The adder bites you.
The worm bites you but does no damage.
You climb upwards.
There is a stone staircase leading down here. 😕 HP[-2]
You take 2 damage, and now have 18/20 hp.
The sting hits the adder.
The adder is poisoned.
The adder barely misses you. The adder misses you. The worm closely misses you.
The sting hits the adder.
The adder looks even sicker.
The adder closely misses you. 😕 HP[+1] MP[-1]
You lost 1 mp, and now have 4/7 mp.
The adder bites you.
You are poisoned.
The adder poisons you! The worm closely misses you. 😕 HP[-3]
You take 3 damage, and now have 16/20 hp.
You feel sick. The adder bites you.
You are more poisoned.
The adder poisons you! The adder misses you. 😮 HP[-3]
You take 3 damage, and now have 13/20 hp.
You feel sick. 😮 HP[-2]
You take 2 damage, and now have 11/20 hp.
You feel sick. 😨 HP[-1]
You take 1 damage, and now have 10/20 hp.
You feel sick. 😨 HP[-1]
You take 1 damage, and now have 9/20 hp.
You feel sick. The adder bites you.
* * * LOW HITPOINT WARNING * * *
You are lethally poisoned!
The adder poisons you! The adder bites you.
* * * LOW HITPOINT WARNING * * *
You are more poisoned.
The adder poisons you! 😱 HP[-8]
You take 8 damage, and now have 1/20 hp.
MASSIVE DAMAGE!! (PAUSE)
You aren't carrying any potions.
Unknown command.
You die...

Skill      XL: |  1 |
---------------+----+-----
Transmutations | 2 |  2.0
Fighting       | |  0.4
Short Blades   | |  0.4
Long Blades    | |  0.4
Axes           | |  0.4
Maces & Flails | |  0.4
Polearms       | |  0.4
Staves         | |  0.4
Slings         | |  0.4
Bows           | |  0.4
Crossbows      | |  0.4
Throwing       | |  0.4
Armour         | |  0.4
Dodging        | |  4.5
Stealth        | |  4.1
Shields        | |  0.4
Unarmed Combat | |  0.4
Spellcasting   | |  4.9
Conjurations   | |  0.2
Hexes          | |  0.2
Summonings     | |  0.2
Necromancy     | |  0.2
Translocations | |  0.2
Fire Magic     | |  0.2
Ice Magic      | |  0.2
Air Magic      | |  0.2
Earth Magic    | |  0.2
Poison Magic   | |  5.3
Invocations    | |  0.5
Evocations     | |  0.4

Action                   || total
-------------------------++-------
Melee: Club              ||    16
 Cast: Sting             ||    21
Armor: Robe              ||     7
Dodge: Dodged            ||    26

Levels and vault maps discovered:
D:1:      lightli_arrival_boilingwater, layout_rooms,
          hellmonk_ecumenical_altar_lost_god
D:2:      layout_rooms, minmay_strange_pillars, kennysheep_boxes
D:3:      layout_basic, lemuel_crystal_altar, serial_shops, shop, serial_undead,
          serial_undead_a, serial_undead_f, serial_undead_c, serial_undead_d,
          minmay_box_of_dots

Notes
Turn   | Place    | Note
-------+----------+-------------------------------------------
     0 | D:1      | Sobieck the Gnoll Venom Mage began the quest for the Orb.
     0 | D:1      | Reached XP level 1. HP: 13/13 MP: 6/6
     0 | D:1      | magus.rc [v1.9.6]
    74 | D:1      | Reached skill level 2 in Transmutations
    84 | D:1      | Reached XP level 2. HP: 15/19 MP: 0/7
   364 | D:1      | HP: 4/20 [adder (4)]
   364 | D:1      | HP: 1/20 [adder (3)]
   365 | D:1      | Succumbed to an adder's poison

Vanquished Creatures
  A dart slug (D:1)
  An endoplasm (D:1)
  3 goblins (D:1)
  2 hobgoblins (D:1)
  A ball python (D:1)
  3 bats
  A frilled lizard (D:1)
  2 kobolds (D:1)
  A rat (D:1)
15 creatures vanquished.

Vanquished Creatures (others)
  4 plants (D:2)
4 creatures vanquished.

Grand Total: 19 creatures vanquished

Table legend:
 A = Non-vault XP
 B = Vault XP
 C = Vault XP percentage of total XP
 D = Non-vault monster count
 E = Vault monster count
 F = Vault count percentage of total count
                 A         B        C        D         E       F
            +---------+---------+-------+---------+---------+-------
      Total |      24 |       0 |   0.0 |      15 |       0 |   0.0
            +---------+---------+-------+---------+---------+-------
        D:1 |      23 |       0 |   0.0 |      14 |       0 |   0.0
        D:2 |       1 |       0 |   0.0 |       1 |       0 |   0.0
            +---------+---------+-------+---------+---------+-------

Illustrated notes

Table legend:
 A = Kills in this place as a percentage of kills in entire the game.
 B = Kills by you in this place as a percentage of kills by you in the entire game.
 C = Kills by friends in this place as a percentage of kills by friends in the entire game.
 D = Other kills in this place as a percentage of other kills in the entire game.
 E = Experience gained in this place as a percentage of experience gained in the entire game.
 F = Experience gained in this place divided by the number of levels of this place that you have seen.
                   A       B       C       D       E      F
               +-------+-------+-------+-------+-------+----------------------
         Total | 100.0 | 100.0 |   N/A |   N/A | 100.0 |   8.0
       Dungeon | 100.0 | 100.0 |   N/A |   N/A | 100.0 |   8.0
               +-------+-------+-------+-------+-------+----------------------

Table legend: (Time is in decaauts)
 A = Elapsed time spent in this place.
 B = Non-inter-level travel time spent in this place.
 C = Inter-level travel time spent in this place.
 D = Time resting spent in this place.
 E = Time spent auto-exploring this place.
 F = Levels seen in this place.
 G = Mean time per level.
                   A        B        C        D        E       F      G
               +--------+--------+--------+--------+--------+-----+--------+
         Total |    373 |    332 |     41 |     44 |    183 |   3 |  124.3 |
       Dungeon |    373 |    332 |     41 |     44 |    183 |   3 |  124.3 |
               +--------+--------+--------+--------+--------+-----+--------+

Top non-repeatable levels by time:
     D:1: 335 daAuts
     D:2: 36 daAuts
     D:3: 1 daAuts
